Map: Dreamcatcher LE

Players

DnS - Winner!

  • Race: Protoss Protoss
  • Spawn Location: 11:00

Elazer

  • Race: Zerg Zerg
  • Spawn Location: 5:00

Event: WCS Montreal 2018

VOD

Have the link to the VOD?

Description

Time

  • Played on: Sept. 7, 2018, 7:13 p.m.
  • Length: 9:10

All games in this series

Show
View Real Time Build Order
Export as new Build Order

DnS Protoss - Winner!

Build Orders: 1 Gate Expand, Oracle Opening, Phoenix Opening 

Get SALT Encoding   

  12  0:00  Probe  
  13  0:12  Probe  
  14  0:18  Pylon  
  14  0:24  Probe  
  15  0:32  Probe  
  15  0:38  Gateway  
  15  0:40  Probe  
  16  0:46  Assimilator  
  17  0:51  Probe  
  18  1:03  Probe  
  19  1:15  Probe  
  20  1:24  Nexus  
  20  1:35  Cybernetics Core  
  20  1:38  Probe  
  21  1:44  Assimilator  
  21  1:50  Probe  
  21  1:53  Pylon  
  22  2:02  Adept, Probe  
  23  2:14  Probe  
  26  2:15  Stargate  
  26  2:26  Warp Gate, Probe  
  27  2:31  Adept  
  29  2:38  Probe x2  
  31  2:46  Probe  
  31  2:50  Probe  
  33  2:54  Probe  
  33  2:56  Phoenix  
  33  3:05  Probe  
  37  3:09  Probe  
  37  3:11  Oracle  
  37  3:12  Adept  
  38  3:15  Gateway  
  38  3:17  Probe  
  39  3:21  Probe  
  43  3:30  Gateway  
  43  3:32  Probe  
  43  3:33  Probe  
  45  3:40  Twilight Council  
  45  3:45  Pylon  
  45  3:48  Resonating Glaives  
  45  3:50  Probe  
  46  4:01  Gateway  
  46  4:02  Gateway  
  46  4:03  Probe  
  46  4:05  Gateway  
  47  4:18  Probe  
  47  4:19  Probe  
  47  4:20  Pylon  
  49  4:29  Adept x2  
  53  4:32  Pylon  
  53  4:38  Zealot  
  55  4:46  Nexus  
  55  4:50  Pylon  
  55  5:02  Adept x5  
  55  5:03  Adept  
  67  5:07  Pylon  
  67  5:25  Adept x5  
  67  5:26  Adept  
  79  5:40  Pylon  
  79  5:49  Adept  
  81  5:50  Adept x2  
  85  5:58  Pylon  
  85  5:59  Pylon  
  81  6:10  Robotics Facility  
  79  6:12  Robotics Facility, Adept x3  
  79  6:13  Probe x2  
  77  6:22  Probe  
  77  6:24  Assimilator  
  78  6:26  Probe x2, Assimilator  
  80  6:35  Probe  
  80  6:38  Probe  
  68  6:47  Adept  
  68  6:48  Adept x2, Immortal  
  68  6:49  Immortal  
  68  6:50  Probe x2  
  68  6:54  Shield Battery  
  82  7:04  Stalker  
  84  7:08  Shield Battery  
  84  7:16  Stalker x3  
  84  7:18  Immortal  
  90  7:28  Immortal  
  92  7:36  Zealot  
  92  7:37  Zealot  
  94  7:42  Zealot  
  94  7:43  Zealot  
  92  7:50  Zealot x2  
  88  7:55  Immortal  
  82  8:00  Immortal  
  82  8:03  Zealot x3  
  72  8:15  Sentry x2  
  76  8:24  Zealot x2  
  76  8:25  Zealot x2  
  82  8:41  Adept x2  
  84  8:52  Sentry x2  
  81  8:57  Adept x2  
Show
View Real Time Build Order
Export as new Build Order

Elazer Zerg 

Build Orders: Hatch First 

Get SALT Encoding   

  12  0:00  Drone  
  13  0:12  Overlord  
  13  0:17  Drone  
  14  0:30  Drone x2  
  16  0:48  Hatchery  
  15  0:51  Drone  
  15  0:54  Drone  
  17  0:57  Drone  
  18  1:08  Extractor  
  17  1:13  Spawning Pool  
  17  1:16  Drone  
  17  1:19  Drone  
  18  1:29  Drone  
  19  1:39  Drone  
  20  1:49  Drone  
  21  1:59  Queen x2  
  21  2:00  Overlord  
  21  2:01  Zergling x2  
  26  2:12  Metabolic Boost  
  26  2:13  Drone x2  
  28  2:21  Drone  
  28  2:22  Drone  
  30  2:32  Drone x2  
  32  2:39  Hatchery  
  31  2:44  Queen  
  31  2:49  Overlord  
  31  2:51  Zergling x2  
  34  2:56  Drone x2  
  36  3:00  Spore Crawler  
  36  3:06  Drone  
  36  3:10  Drone x5  
  41  3:14  Drone  
  41  3:19  Overlord  
  42  3:20  Queen  
  44  3:32  Spore Crawler, Drone  
  44  3:37  Spore Crawler  
  44  3:38  Drone  
  44  3:39  Drone x2  
  44  3:40  Drone  
  44  3:41  Drone x2  
  49  3:50  Overlord  
  49  3:51  Drone  
  49  3:52  Drone x2  
  49  3:53  Drone x2  
  54  3:59  Queen  
  56  4:05  Spore Crawler  
  56  4:08  Overlord  
  55  4:10  Drone x2  
  55  4:14  Extractor, Drone x4  
  60  4:20  Drone  
  60  4:23  Extractor  
  60  4:24  Extractor  
  60  4:25  Overlord, Roach Warren  
  60  4:26  Drone x2  
  60  4:31  Drone  
  62  4:32  Drone x2  
  62  4:34  Overlord  
  62  4:36  Drone  
  65  4:39  Overlord  
  65  4:43  Drone  
  66  4:46  Drone  
  66  4:49  Zergling x8  
  66  4:52  Zergling x2  
  71  4:55  Zergling x6  
  74  5:01  Extractor, Overlord  
  74  5:02  Overlord  
  74  5:05  Overlord  
  74  5:06  Lair  
  73  5:11  Drone x4  
  73  5:13  Extractor  
  76  5:15  Extractor  
  76  5:16  Roach x2  
  76  5:19  Overlord  
  79  5:28  Roach x5  
  89  5:33  Drone  
  89  5:34  Drone x2  
  92  5:40  Overlord  
  92  5:42  Drone x5  
  97  5:49  Overlord  
  94  5:50  Roach  
  94  5:55  Roach x4  
  104  6:04  Roach  
  104  6:05  Roach x5  
  104  6:08  Burrow  
  114  6:16  Roach x3  
  117  6:23  Overlord  
  103  6:29  Roach x2  
  106  6:37  Overlord  
  91  6:40  Roach x4  
  91  6:46  Roach  
  95  6:47  Roach  
  95  6:49  Roach  
  97  6:54  Roach  
  97  7:00  Zergling x8  
  101  7:06  Zergling x4  
  103  7:11  Zergling x4  
  103  7:14  Ravager  
  101  7:25  Roach x4  
  96  7:30  Zergling x12  
  96  7:36  Ravager  
  96  7:41  Zergling x2  
  70  8:00  Zergling x10  
  70  8:02  Roach x8  
  70  8:04  Roach  
  70  8:09  Zergling x2  
  70  8:10  Zergling x2  
  68  8:16  Zergling x2  
  66  8:28  Ravager  
  66  8:31  Zergling x2  
  66  8:32  Zergling x4  
  61  8:43  Zergling x2  
  61  8:44  Zergling x2  
  57  8:51  Zergling x2  
Tags
 
Add a new tag
Caveats
  • Supply blocks, unpowered buildings, or Contaminate may cause inaccurate times.
  • Supply counts are checked every 10 seconds.